 Dungeon Crawl Stone Soup version 0.29.0-4-gdea44cf6ec (webtiles) character file.

Game seed: 14100112854400484358

4097 qw the Grappler (level 10, -14/94 HPs)
             Began as a Troll Cinder Acolyte on Aug 31, 2022.
             Was an Elder of Ignis.
             Demolished by a two-headed ogre
             ... wielding a +0 giant spiked club
              (16 damage)
             ... on level 9 of the Dungeon.
             The game lasted 00:03:10 (7115 turns).

qw the Grappler (Troll Cinder Acolyte)              Turns: 7115, Time: 00:03:10

Health: -14/94     AC: 21    Str: 28    XL:     10   Next: 5%
Magic:  10/10      EV:  7    Int: 10    God:    Ignis [****..]
Gold:   295        SH:  9    Dex:  8    Spells: 11/11 levels left

rFire   + . .      SeeInvis +     - Unarmed
rCold   . . .      Faith    .   m - +0 kite shield
rNeg    + . .      Spirit   .   p - +0 swamp dragon scales
rPois   +          Reflect  .   b - +1 hat of the Five Loafs {*Slow rN+ Dex+3}
rElec   .          Harm     .   (no cloak)
rCorr   .          Rampage  .   (gloves unavailable)
Will    .....                   (boots unavailable)
Stlth   ..........              (no amulet)
HPRegen 1.05/turn               n - +4 ring of protection
MPRegen 0.12/turn               i - ring of see invisible

@: fiery-armoured
A: large, unfitting armour, claws 3, regeneration 1, shaggy fur 1, tough skin 1
a: Renounce Religion, Fiery Armour, Foxfire Swarm, Rising Flame


You were on level 9 of the Dungeon.
You worshipped Ignis.
Ignis was greatly pleased with you.
You visited 1 branch of the dungeon, and saw 9 of its levels.

You collected 383 gold pieces.
You spent 88 gold pieces at shops.


Innate Abilities, Weirdness & Mutations

You are too large for most types of armour.
You have claws for hands.
Your natural rate of healing is unusually fast.
You are covered in fur. (AC +1)
You have tough skin. (AC +1)


   Skills:
 - Level 4.3 Fighting
 - Level 1.1 Throwing
 - Level 1.0 Armour
 - Level 1.2 Dodging
 - Level 8.2 Shields
 + Level 10.6 Unarmed Combat
 - Level 1.0 Spellcasting
 - Level 2.1 Fire Magic


You had 11 spell levels left.
You didn't know any spells.
Your spell library contained the following spells:

 Spells                   Type           Power      Damage    Failure   Level
 Scorch                   Fire           8%         2d5       52%         2

Inventory:

Missiles
 a - 3 boomerangs (quivered)
Armour
 b - the +1 hat of the Five Loafs (worn) {*Slow rN+ Dex+3}
   (You acquired it on level 2 of the Dungeon)

   Dex:       It affects your dexterity (+3).
   rN:        It protects you from negative energy.
   *Slow:     It may slow you when you take damage.
 m - a +0 kite shield (worn)
 p - +0 swamp dragon scales (worn)
Jewellery
 h - a ring of protection from fire
 i - a ring of see invisible (right claw)
 n - a +4 ring of protection (left claw)
Scrolls
 d - 2 scrolls of enchant weapon
 e - 3 scrolls of identify
 k - 4 scrolls of teleportation
Potions
 c - 2 potions of curing
 f - 3 potions of mutation
 g - 3 potions of heal wounds

Dungeon Overview and Level Annotations

Branches:
Dungeon (9/15)             Temple (0/1) D:5
   Lair: D:8-11         Orc: D:9-12

Altars:
Fedhas
Kikubaaqudgha
Nemelex Xobeh
Qazlal
Xom

Shops:
D:4 ![   D:5 (

Annotations:
D:9 2 transporters, qw's ghost, journeyman TeWr


Message History

You see here 14 gold pieces.
Throw: 3 boomerangs
Press: ? - help, Q - select action Shift-Dir - straight line, f - bullfrog You throw a boomerang.
The boomerang hits the bullfrog!
The bullfrog is heavily wounded.
You mangle the bullfrog!!
You kill the bullfrog!
You now have 295 gold pieces (gained 14).
You see here a bullfrog corpse.
You see here a bullfrog corpse.
Found a whip.
Enter note: You see here a +0 whip.
A two-headed ogre comes into view.
It is wielding a +0 giant spiked club and a +0 giant club.
The two-headed ogre shouts in stereo!
Throw: 3 boomerangs
Press: ? - help, Q - select action Shift-Dir - straight line, f - two-headed ogre You throw a boomerang.
The boomerang barely misses the two-headed ogre.
Throw: 3 boomerangs
Press: ? - help, Q - select action Shift-Dir - straight line, f/p - two-headed ogre You throw a boomerang.
The boomerang hits the two-headed ogre.
The two-headed ogre is lightly wounded.
You scratch the two-headed ogre.
The two-headed ogre is lightly wounded.
The two-headed ogre hits you with a +0 giant spiked club!!
The two-headed ogre hits you with a +0 giant club!!
You scratch the two-headed ogre.
The two-headed ogre is moderately wounded.
You mangle the two-headed ogre!!
The two-headed ogre is heavily wounded.
The two-headed ogre hits you with a +0 giant spiked club!!
You block the two-headed ogre's attack.
7115 ||| INVOKING Fiery Armour.
A protective cloak of flame settles atop you.
The two-headed ogre hits you with a +0 giant spiked club!!
The two-headed ogre is burned by your cloak of flames.
The two-headed ogre is severely wounded.
The two-headed ogre hits you with a +0 giant club!
You die...

#.#....#####.#..#.........
#.#....##.##.#..#....#####
#.#.#......#.#.......#
#.#.#.###.##.#..#..###
#.#.#......#.#.......#####
#.#.#.#.#..#.#............
#.#.#.#.#..#...........#.# #.#
#...#..###########.#.. #.#
#####@.# ####.##. #.#.....O..#
#....##.
#.########.########%###### #.#
.##.........# #.######
.##.........# #.#....#
.##.........# #####.#....#
.##.........# #..........#
#.##.........#
#.#####....###.##.........####


You could see a two-headed ogre.

Vanquished Creatures
  Maggie (D:7)
  7 yaks
  2 steam dragons (D:7)
  A water moccasin (D:6)
  An orc warrior (D:7)
  A black bear (D:8)
  A sky beast (D:7)
  2 ogres (D:6)
  A centaur (D:6)
  A kobold brigand (D:8)
  A gnoll sergeant (D:7)
  4 bullfrogs
  3 necrophages
  5 scorpions
  4 wights (D:9)
  5 killer bees (D:8)
  3 hounds
  An orc priest (D:6)
  A jelly (D:6)
  A gnoll bouda (D:8)
  4 iguanas
  4 orc wizards
  7 gnolls
  11 adders
  A white imp (D:4)
  An ufetubus (D:5)
  3 dart slugs
  12 orcs
  4 ball pythons
  4 bats
  5 endoplasms
  4 giant cockroaches
  6 goblins
  3 hobgoblins
  2 quokkas
  4 frilled lizards
  9 kobolds
  A rat (D:1)
131 creatures vanquished.

Notes
Turn   | Place    | Note
-------+----------+-------------------------------------------
     0 | D:1      | qw the Troll Cinder Acolyte began the quest for the Orb.
     0 | D:1      | Reached XP level 1. HP: 22/22 MP: 1/1
     0 | D:1      | 0 ||| qw: Version: 0.1-a-97-g2dd2ca4
     0 | D:1      | 0 ||| qw: Game counter: 4636
     0 | D:1      | 0 ||| qw: Always use a shield: true
     0 | D:1      | 0 ||| qw: God list: Okawaru
     0 | D:1      | 0 ||| qw: Allow faded altars: false
     0 | D:1      | 0 ||| qw: Do Orc after D:15 true
     0 | D:1      | 0 ||| qw: Do second Lair branch before Depths: true
     0 | D:1      | 0 ||| qw: Lair rune preference: random
     0 | D:1      | 0 ||| qw: Plans: Normal
     0 | D:1      | 0 ||| PLANNING D:1-11
   103 | D:1      | 103 ||| Stepping ~*~*~tactically~*~*~ (outnumbered).
   240 | D:1      | Reached XP level 2. HP: 29/29 MP: 2/2
   733 | D:1      | 733 ||| READING scroll labelled HENO KECIA.
   734 | D:1      | 734 ||| READING scroll labelled ONWYMM WYSOQ.
   819 | D:2      | Reached skill level 4 in Unarmed Combat
  1002 | D:2      | Reached XP level 3. HP: 28/36 MP: 3/3
  1685 | D:2      | 1685 ||| DROPPING amulet of magic regeneration.
  1686 | D:2      | 1686 ||| READING 2 scrolls labelled CELADA JEWO.
  1687 | D:2      | 1687 ||| READING scroll labelled YFOUCV HUODOAWNETZ.
  1688 | D:2      | 1688 ||| READING scroll labelled PAQUGI ZIOCOU.
  1689 | D:2      | 1689 ||| READING scroll labelled HEERRUOMAJ.
  1689 | D:2      | Identified a scroll of acquirement
  1689 | D:2      | 1689 ||| ACQUIRING +1 hat of the Five Loafs {*Slow rN+
                  | Dex+3}
  1689 | D:2      | Acquired the +1 hat of the Five Loafs {*Slow rN+ Dex+3}
  1691 | D:2      | 1691 ||| UPGRADING to +1 hat of the Five Loafs {*Slow rN+
                  | Dex+3}.
  1696 | D:2      | 1696 ||| READING scroll labelled KAZESO EDOMEISS.
  1697 | D:2      | 1697 ||| DRINKING 2 metallic cyan potions.
  1698 | D:2      | 1698 ||| Stepping randomly (stuck).
  1699 | D:2      | 1699 ||| Stepping ~*~*~tactically~*~*~ (cloud).
  1761 | D:3      | 1761 ||| STAIRDANCE
  1772 | D:3      | 1772 ||| Stepping ~*~*~tactically~*~*~ (stealth).
  1780 | D:3      | Reached skill level 5 in Unarmed Combat
  1780 | D:3      | Reached XP level 4. HP: 41/44 MP: 4/4
  2279 | D:3      | 2279 ||| Stepping ~*~*~tactically~*~*~ (hiding).
  2381 | D:3      | 2381 ||| Stepping ~*~*~tactically~*~*~ (hiding).
  2744 | D:3      | 2744 ||| DROPPING ring of magical power.
  2745 | D:3      | 2745 ||| UPGRADING to ring of protection from fire.
  2746 | D:3      | 2746 ||| READING scroll labelled TUPIJO GIUBANT.
  2747 | D:3      | 2747 ||| READING scroll labelled NIXTOPPUZU.
  2848 | D:3      | 2848 ||| READING scroll labelled ATOMABRAFI.
  2984 | D:4      | Noticed a scorpion
  2990 | D:4      | Killed a scorpion
  2991 | D:4      | Reached skill level 6 in Unarmed Combat
  2991 | D:4      | Reached XP level 5. HP: 26/50 MP: 5/5
  2993 | D:4      | 2993 ||| INVOKING Fiery Armour.
  3094 | D:4      | 3094 ||| READING 2 scrolls of identify.
  3094 | D:4      | 3094 ||| IDENTIFYING viscous amethyst potion
  3095 | D:4      | 3095 ||| DROPPING potion of attraction.
  3139 | D:4      | 3139 ||| Stepping randomly (stuck).
  3241 | D:4      | 3241 ||| STAIRDANCE
  3262 | D:4      | Found Joit's Antique Armour Shoppe.
  3281 | D:4      | 3281 ||| SHOPLISTING glowing shadow dragon scales (2075
                  | gold, have 118).
  3312 | D:4      | Found Muhip's Distillery.
  3319 | D:4      | 3319 ||| Stepping ~*~*~tactically~*~*~ (hiding).
  3320 | D:4      | 3320 ||| Stepping ~*~*~tactically~*~*~ (hiding).
  3330 | D:4      | Reached skill level 1 in Dodging
  3342 | D:4      | 3342 ||| BUYING potion of curing (33 gold).
  3342 | D:4      | Bought a potion of curing for 33 gold pieces
  3342 | D:4      | 3342 ||| BUYING potion of heal wounds (55 gold).
  3342 | D:4      | Bought a potion of heal wounds for 55 gold pieces
  3342 | D:4      | 3342 ||| SHOPLISTING potion of mutation (88 gold, have 30).
  3641 | D:4      | Reached XP level 6. HP: 59/59 MP: 6/6
  3667 | D:4      | 3667 ||| READING 2 scrolls of identify.
  3667 | D:4      | 3667 ||| IDENTIFYING grey potion
  3702 | D:5      | Entered Level 5 of the Dungeon
  3800 | D:5      | Reached skill level 7 in Unarmed Combat
  3843 | D:5      | 3843 ||| READING scroll of acquirement.
  3843 | D:5      | 3843 ||| ACQUIRING ring of see invisible
  3843 | D:5      | Acquired a ring of see invisible
  3845 | D:5      | 3845 ||| UPGRADING to ring of see invisible.
  4169 | D:5      | Found Cuodac's Weapon Emporium.
  4274 | D:5      | Found a staircase to the Ecumenical Temple.
  4348 | D:5      | 4348 ||| UPGRADING to +0 kite shield.
  4353 | D:5      | 4353 ||| UPGRADING to +4 ring of protection.
  4355 | D:5      | 4355 ||| READING scroll labelled CEIPTO YHEDE.
  4356 | D:5      | 4356 ||| READING scroll labelled NUFONKOOPUE.
  4378 | D:6      | 4378 ||| STAIRDANCE
  4386 | D:6      | Reached XP level 7. HP: 66/66 MP: 7/7
  4392 | D:6      | 4392 ||| Stepping ~*~*~tactically~*~*~ (stealth).
  4393 | D:6      | 4393 ||| Stepping ~*~*~tactically~*~*~ (stealth).
  4438 | D:6      | Reached skill level 3 in Shields
  4618 | D:6      | 4618 ||| Stepping ~*~*~tactically~*~*~ (stealth).
  4623 | D:6      | 4623 ||| Stepping ~*~*~tactically~*~*~ (stealth).
  4625 | D:6      | 4625 ||| Stepping ~*~*~tactically~*~*~ (hiding).
  4653 | D:6      | 4653 ||| Stepping ~*~*~tactically~*~*~ (stealth).
  4655 | D:6      | 4655 ||| Stepping ~*~*~tactically~*~*~ (hiding).
  4915 | D:6      | Reached XP level 8. HP: 74/74 MP: 8/8
  5008 | D:6      | Reached skill level 6 in Shields
  5177 | D:6      | 5177 ||| READING scroll labelled LIFAMNUSTE.
  5178 | D:6      | 5178 ||| DRINKING 2 fizzy blue potions.
  5279 | D:6      | 5279 ||| DROPPING potion of ambrosia.
  5353 | D:7      | 5353 ||| Stepping ~*~*~tactically~*~*~ (stealth).
  5358 | D:7      | Reached skill level 8 in Unarmed Combat
  5360 | D:7      | 5360 ||| Stepping ~*~*~tactically~*~*~ (outnumbered).
  5461 | D:7      | 5461 ||| INVOKING Fiery Armour.
  5470 | D:7      | Reached skill level 3 in Fighting
  5475 | D:7      | 5475 ||| Stepping ~*~*~tactically~*~*~ (outnumbered).
  5476 | D:7      | 5476 ||| Stepping ~*~*~tactically~*~*~ (outnumbered).
  5480 | D:7      | 5480 ||| Stepping ~*~*~tactically~*~*~ (outnumbered).
  5602 | D:7      | Noticed Maggie
  5603 | D:7      | 5603 ||| Stepping ~*~*~tactically~*~*~ (hiding).
  5617 | D:7      | 5617 ||| INVOKING Fiery Armour.
  5619 | D:7      | Killed Maggie
  5620 | D:7      | Reached skill level 9 in Unarmed Combat
  5684 | D:7      | Reached XP level 9. HP: 83/83 MP: 9/9
  5743 | D:7      | 5743 ||| Stepping ~*~*~tactically~*~*~ (hiding).
  5892 | D:7      | 5892 ||| UPGRADING to +0 swamp dragon scales.
  5902 | D:7      | 5902 ||| DROPPING +0 robe.
  5903 | D:7      | 5903 ||| READING scroll labelled QOMUREWAMIO.
  5904 | D:7      | 5904 ||| READING 3 scrolls of identify.
  5904 | D:7      | 5904 ||| IDENTIFYING blue potion
  5905 | D:7      | 5905 ||| READING 2 scrolls of identify.
  5905 | D:7      | 5905 ||| IDENTIFYING puce potion
  5906 | D:7      | 5906 ||| DROPPING potion of lignification.
  5907 | D:7      | 5907 ||| DROPPING potion of berserk rage.
  5930 | D:8      | 5930 ||| Stepping ~*~*~tactically~*~*~ (hiding).
  5937 | D:8      | Reached skill level 1 in Armour
  5939 | D:8      | 5939 ||| Stepping ~*~*~tactically~*~*~ (outnumbered).
  5940 | D:8      | 5940 ||| Stepping ~*~*~tactically~*~*~ (outnumbered).
  5942 | D:8      | 5942 ||| Stepping ~*~*~tactically~*~*~ (outnumbered).
  5999 | D:8      | 5999 ||| DRINKING 3 potions of curing.
  5999 | D:8      | 5999 ||| (to cure confusion)
  6031 | D:8      | 6031 ||| Stepping ~*~*~tactically~*~*~ (stealth).
  6036 | D:8      | 6036 ||| Stepping ~*~*~tactically~*~*~ (stealth).
  6040 | D:8      | 6040 ||| Stepping ~*~*~tactically~*~*~ (outnumbered).
  6042 | D:8      | 6042 ||| Stepping ~*~*~tactically~*~*~ (outnumbered).
  6052 | D:8      | Reached skill level 1 in Throwing
  6119 | D:8      | Found a shimmering altar of Xom.
  6152 | D:8      | Found a blossoming altar of Fedhas.
  6209 | D:8      | 6209 ||| Stepping ~*~*~tactically~*~*~ (stealth).
  6212 | D:8      | Reached skill level 10 in Unarmed Combat
  6286 | D:8      | Found a stormy altar of Qazlal.
  6286 | D:8      | Found a sparkling altar of Nemelex Xobeh.
  6598 | D:8      | 6598 ||| READING scroll labelled DOATSA SATAASO.
  6599 | D:8      | 6599 ||| READING scroll labelled VOEWIHUIM.
  6615 | D:9      | 6615 ||| Stepping ~*~*~tactically~*~*~ (outnumbered).
  6618 | D:9      | 6618 ||| Stepping ~*~*~tactically~*~*~ (outnumbered).
  6619 | D:9      | 6619 ||| Stepping ~*~*~tactically~*~*~ (outnumbered).
  6620 | D:9      | 6620 ||| STAIRDANCE
  6631 | D:9      | 6631 ||| STAIRDANCE
  6654 | D:9      | 6654 ||| STAIRDANCE
  6720 | D:9      | 6720 ||| Stepping ~*~*~tactically~*~*~ (stealth).
  6730 | D:9      | 6730 ||| Stepping ~*~*~tactically~*~*~ (outnumbered).
  6781 | D:9      | Reached XP level 10. HP: 74/94 MP: 10/10
  6791 | D:9      | 6791 ||| FLEEEEING.
  6792 | D:9      | 6792 ||| FLEEEEING.
  6793 | D:9      | 6793 ||| FLEEEEING.
  6794 | D:9      | 6794 ||| FLEEEEING.
  6795 | D:9      | 6795 ||| FLEEEEING.
  6796 | D:9      | 6796 ||| FLEEEEING.
  6797 | D:9      | 6797 ||| FLEEEEING.
  6798 | D:9      | 6798 ||| FLEEEEING.
  6799 | D:9      | 6799 ||| FLEEEEING.
  6800 | D:9      | 6800 ||| FLEEEEING.
  6801 | D:9      | 6801 ||| FLEEEEING.
  6802 | D:9      | 6802 ||| FLEEEEING.
  6803 | D:9      | 6803 ||| FLEEEEING.
  6804 | D:9      | 6804 ||| FLEEEEING.
  6888 | D:9      | Found an ancient bone altar of Kikubaaqudgha.
  6977 | D:9      | Found a transporter.
  6978 | D:9      | Noticed qw's ghost (journeyman TeWr)
  6979 | D:9      | Noticed a two-headed ogre
  6980 | D:9      | Noticed a two-headed ogre
  6984 | D:9      | Found a transporter.
  6984 | D:9      | Noticed a two-headed ogre
  6986 | D:9      | Noticed a two-headed ogre
  7108 | D:9      | Noticed a two-headed ogre
  7115 | D:9      | 7115 ||| INVOKING Fiery Armour.
  7115 | D:9      | HP: 2/94 [two-headed ogre/+0 giant spiked club (23)]
  7115 | D:9      | Demolished by a two-headed ogre

Levels and vault maps discovered:
D:1:      dpeg_arrival_snail, layout_basic, serial_curves, eino_curves_04,
          eino_curves_02, eino_curves_03, patterned_corridor
D:2:      layout_basic, minivault_27, corexii_leaking_fountain,
          minmay_randomly_rotated_circles
D:3:      layout_loops_corners, kennysheep_pointless_box
D:4:      layout_basic, serial_shops, nicolae_shop_stone, nicolae_square_shop
D:5:      nicolae_cairo_tiling_large, layout_basic,
          minmay_temple_entry_junction_2, serial_shops, kennysheep_mini_moat
D:6:      layout_loops_ring
D:7:      layout_rooms, chequers_serial_rivers_small_b, minmay_door_square,
          uniq_maggie
D:8:      layout_loops_ring, brannock_xom_greatest_gift,
          mainiacjoe_overflow_divided_tiny, fedhas_ov_isle_minmay
D:9:      layout_basic, nicolae_kikubaaqudgha_miasma_corner,
          mainiacjoe_overflow_concentric_impassable, gammafunk_ghost_smash

Skill      XL: |  1  2  3  4  5  6  7  8  9 |
---------------+----------------------------+-----
Unarmed Combat | 4 5 6 7 9 10 | 10.6
Dodging        | 1 |  1.2
Shields        | 2 5 6 8 |  8.2
Fighting       | 3 4 |  4.3
Armour         | 1 |  1.0
Throwing       | 1 |  1.1
Spellcasting   | |  1.0
Fire Magic     | |  2.1

Action                   |  1- 3 |  4- 6 |  7- 9 | 10-12 || total
-------------------------+-------+-------+-------+-------++-------
Melee: Unarmed           |    78 |    82 |   243 |    16 ||   419
       Punch             |       |     1 |       |       ||     1
Throw: Boomerang         |       |       |    13 |     3 ||    16
Invok: Fiery Armour      |       |     1 |     2 |     1 ||     4
  Use: Scroll            |     7 |     8 |     6 |       ||    21
       Potion            |     1 |       |     2 |       ||     3
Armor: Robe              |    19 |    22 |    59 |       ||   100
       Swamp dragon scal |       |       |    63 |     7 ||    70
Dodge: Dodged            |    26 |    39 |    89 |     2 ||   156
Block: Kite shield       |       |     2 |   103 |     5 ||   110

Table legend:
 A = Non-vault XP
 B = Vault XP
 C = Vault XP percentage of total XP
 D = Non-vault monster count
 E = Vault monster count
 F = Vault count percentage of total count
                 A         B        C        D         E       F
            +---------+---------+-------+---------+---------+-------
      Total |    5429 |     425 |   7.3 |     124 |       7 |   5.3
            +---------+---------+-------+---------+---------+-------
        D:1 |      27 |       0 |   0.0 |      15 |       0 |   0.0
        D:2 |      34 |      21 |  38.2 |       7 |       6 |  46.2
        D:3 |      51 |       0 |   0.0 |      14 |       0 |   0.0
        D:4 |     256 |       0 |   0.0 |      13 |       0 |   0.0
        D:5 |     335 |       0 |   0.0 |      10 |       0 |   0.0
        D:6 |    1021 |       0 |   0.0 |      16 |       0 |   0.0
        D:7 |    1132 |     404 |  26.3 |      18 |       1 |   5.3
        D:8 |    1164 |       0 |   0.0 |      21 |       0 |   0.0
        D:9 |    1409 |       0 |   0.0 |      10 |       0 |   0.0
            +---------+---------+-------+---------+---------+-------
